 Dungeon Crawl Stone Soup version 0.14-a0-2506-gc7bb754 (webtiles) character file.

7221 Medar the Carver (level 11, -7/66 HPs)
             Began as a Formicid Arcane Marksman on Feb 9, 2014.
             Was a Follower of Zin.
             Mangled by a troll (16 damage)
             ... on Level 10 of the Dungeon.
             The game lasted 01:03:31 (17537 turns).

Medar the Carver (Formicid Arcane Marksman)        Turns: 17537, Time: 01:03:31

HP  -7/66        AC  8     Str 22      XL: 11   Next: 55%
MP  16/20        EV 18     Int 15      God: Zin [*.....]
Gold 156         SH 11     Dex 15      Spells:  4 memorised,  1 level left

rFire  . . .     SeeInvis +     a - +2 long sword (curse)
rCold  . . .     Clarity  .     U - +1 orc leather armour (curse)
rNeg   . . .     Conserve .     r - +0 buckler
rPois  x         rCorr    .     (helmet unavailable)
rElec  .         rRot     .     w - +1 cloak {+Inv}
SustAb . .       Spirit   .     V - +0 pair of gloves
rMut   .         Warding  .     (no boots)
Saprov . . .     Stasis   +     (no amulet)
MR     +....                    i - ring of flight
                                W - ring of wizardry

@: mighty, agile, somewhat resistant to hostile enchantments, fairly stealthy
A: permanent stasis, dig shafts and tunnels, four strong arms, poison weakness,
antennae 3, exoskeleton 1
a: Dig, Shaft Self, Recite, Renounce Religion, Evoke Invisibility, Evoke Flight


You were on level 10 of the Dungeon.
You worshipped Zin.
Zin was aware of your devotion.
You were not hungry.

You visited 2 branches of the dungeon, and saw 12 of its levels.

You collected 257 gold pieces.
You spent 35 gold pieces at shops.
You donated 66 gold pieces.

Inventory:

Hand weapons
 a - a cursed +2,+2 long sword (weapon)
 b - a +0 blowgun
 q - a +0,+0 great sword
 x - a +0,+0 great sword
 z - a +5,+2 flail of distortion
Missiles
 e - 3 javelins (quivered)
 h - 44 darts
 j - 11 exploding darts
 y - 42 poisoned needles
 C - 3 tomahawks
Armour
 r - a +0 buckler (worn)
 w - a +1 cloak of darkness (worn)
 J - a +0 shield
 U - a cursed +1 orcish leather armour (worn)
 V - a +0 pair of gloves (worn)
Magical devices
 c - a wand of disintegration (10)
 K - a wand of fire (0)
 S - a wand of frost (1)
Comestibles
 f - 2 bread rations
 M - a royal jelly
Scrolls
 k - 3 scrolls of amnesia
 m - a scroll of recharging {unknown}
 o - a scroll of enchant armour {unknown}
 t - 3 scrolls of fog
 u - a scroll of enchant weapon II
 B - a scroll of enchant weapon I
 D - a scroll of remove curse
 F - a scroll of noise
 O - a scroll of magic mapping {unknown}
 X - a scroll of curse armour
Jewellery
 i - a ring of flight (right hand)
 H - an uncursed ring of ice
 W - a ring of wizardry (left hand)
Potions
 l - 2 potions of restore abilities
 E - a potion of curing
 I - a potion of resistance
Books
 d - a book of Debilitation

   Spells                             Type                      Level
   *Corona                            Hexes                        1
   *Slow                              Hexes                        2
   Inner Flame                        Hexes/Fire                   3
   *Enslavement                       Hexes                        4
   *Cause Fear                        Hexes                        4
   Leda's Liquefaction                Hexes/Earth                  4
 s - a book of Wizardry

   Spells                             Type                      Level
   Summon Elemental                   Summoning                    4
   Agony                              Necromancy                   5
   Force Lance                        Conjuration                  5
   Fireball                           Conjuration/Fire             5
   Haste                              Charms                       6
   Invisibility                       Hexes                        6
 P - a book of Unlife

   Spells                             Type                      Level
   Recall                             Summoning/Translocation      3
   Animate Dead                       Necromancy                   4
   Control Undead                     Necromancy                   4
   Twisted Resurrection               Necromancy                   5
   Death Channel                      Necromancy                   6
   Simulacrum                         Ice/Necromancy               6
   Zin opposes the use of such an evil item.
 T - a book of Conjurations

   Spells                             Type                      Level
   Magic Dart                         Conjuration                  1
   Searing Ray                        Conjuration                  2
   Dazzling Spray                     Conjuration/Hexes            3
   Iskenderun's Mystic Blast          Conjuration                  4
   Iskenderun's Battlesphere          Conjuration/Charms           4
   Fulminant Prism                    Conjuration/Hexes            5
Magical staves
 g - an uncursed staff of conjuration {!a}
 n - an uncursed staff of cold
 L - an uncursed staff of wizardry {!a}
 Q - an uncursed staff of summoning {!a}


   Skills:
 - Level 2.6 Fighting
 + Level 13.1 Long Blades
 - Level 1.5 Throwing
 - Level 2.6 Armour
 - Level 3.2 Dodging
 - Level 5.4 Shields
 - Level 1.1 Spellcasting
 - Level 4.6 Hexes
 - Level 2.7 Invocations
 - Level 6.0 Evocations


You had one spell level left.
You knew the following spells:

 Your Spells              Type           Power        Failure   Level  Hunger
d - Slow                  Hex            ##......     3%          2    ###....
f - Cause Fear            Hex            ##........   17%         4    #####..
g - Enslavement           Hex            ##......     17%         4    #####..
s - Corona                Hex            ##.....      1%          1    ##.....


Dungeon Overview and Level Annotations

Branches:
Dungeon (11/16)            Temple (1/1) D:7            Lair (0/8) D:10
    Orc: D:9-12

Altars:
Ashenzari
Cheibriados
Dithmengos
Elyvilon
Fedhas
Kikubaaqudgha
Makhleb
Nemelex Xobeh
Okawaru
Sif Muna
Trog
Vehumet
Xom
Yredelemnul
Zin
The Shining One

Shops:
D:4 !

Annotations:
D:9 exclusions: 2 electric eels, killer bee and 1 more exclusion
D:10 Pr0man's ghost, experienced CeHu


Innate Abilities, Weirdness & Mutations

Your are under a permanent stasis effect.
You can dig through walls and to a lower floor.
Your four strong arms can wield any weapon, most with a shield.
You are susceptible to poison.
You have a pair of large antennae on your head (SInv).
Your body is surrounded by an exoskeleton. (AC +1)


Message History

The troll completely misses you. The troll closely misses you.
You slash the troll!
The troll is moderately wounded.
You hit the troll.
The troll is heavily wounded.
The troll bites you. The troll barely misses you. The troll closely misses you.
You barely miss the troll.
The troll is heavily wounded.
The troll bites you!
* * * LOW HITPOINT WARNING * * *
The troll misses you. You block the troll's attack.
Drink which item? (? for menu, Esc to quit)
You feel better. You block the troll's attack. The troll claws you.
* * * LOW HITPOINT WARNING * * *
The troll claws you.
* * * LOW HITPOINT WARNING * * *
You closely miss the troll.
The troll is moderately wounded.
The troll bites you!
You die...

.# ##.#.## .# ###.....# .#
##..#....# .#
##........##################
P#####.......#.......)...........
##.##....#..#####################
#...##.####...........#####......
##.###.####.............#........
##..#...#.......@T...............
.....#.#....######.###.....###.##
......8.8...# #.## ##...##)##.#
......PP...## #.##.##...##.##.#
.......8...## ##(.###...###..##
.......P....# ####.......####
............# ##...........#
)...........# #.............#
............# ##...###.##....


You could see a troll.

Vanquished Creatures
  A hill giant (D:10)
  Pikel (D:7)
  A polar bear (D:8)
  A two-headed ogre (D:8)
  A wyvern (D:9)
  Eustachio (D:6)
  A yak (D:9)
  A hippogriff (D:8)
  Menkaure (D:6)
  2 wolves (D:9)
  5 necrophages
  4 orc warriors
  2 black bears
  A phantom (D:6)
  3 ice beasts
  A sky beast (D:6)
  2 centaurs
  Duvessa (D:7)
  6 ogres
  2 water moccasins
  5 giant frogs
  Blork the orc (D:4)
  An eye of draining (D:10)
  2 killer bees (D:9)
  A troll zombie (D:7)
  5 wights
  A goliath beetle (D:7)
  Dowan (D:7)
  6 crimson imps
  A centaur zombie (D:10)
  5 hounds
  A jelly (D:9)
  A quasit (D:4)
  Crazy Yiuf (D:5)
  A giant frog skeleton (D:5)
  An iguana (D:9)
  8 orc priests
  A scorpion (D:4)
  A sheep (D:11)
  A troll simulacrum (D:9)
  7 worker ants
  9 orc wizards
  A big kobold zombie (D:10)
  A hound zombie (D:7)
  A hound skeleton (D:7)
  4 gnolls (D:4)
  9 adders
  A worm zombie (D:6)
  A hound simulacrum (D:9)
  An orc skeleton (D:5)
  A white imp (D:9)
  2 giant mites
  An inept feature mimic (D:2)
  3 worms
  An ufetubus (D:9)
  An adder zombie (D:7)
  A giant eyeball (D:9)
  An iguana skeleton (D:6)
  An adder skeleton (D:4)
  4 giant geckos
  44 orcs
  14 bats
  8 giant cockroaches
  20 hobgoblins
  8 jackals
  11 kobolds
  5 quokkas
  6 giant newts
  A giant spore (D:6)
  18 goblins
  11 rats
  5 ballistomycetes
285 creatures vanquished.

Vanquished Creatures (others)
  A worker ant (D:7)
  A worker ant zombie (D:7)
  A hobgoblin (D:7)
  A giant spore (D:9)
4 creatures vanquished.

Grand Total: 289 creatures vanquished

Notes
Turn   | Place    | Note
--------------------------------------------------------------
     0 | D:1      | Medar, the Formicid Arcane Marksman, began the quest for the Orb.
     0 | D:1      | Reached XP level 1. HP: 13/13 MP: 2/2
   262 | D:1      | Reached skill level 4 in Hexes
   361 | D:1      | Reached XP level 2. HP: 18/18 MP: 1/3
   669 | D:1      | Learned a level 2 spell: Slow
  1080 | D:2      | Reached skill level 1 in Shields
  1080 | D:2      | Reached XP level 3. HP: 23/23 MP: 2/4
  1391 | D:2      | Reached XP level 4. HP: 25/28 MP: 0/5
  1470 | D:2      | Found a glowing golden altar of the Shining One.
  2138 | D:3      | Found a bloodstained altar of Trog.
  2142 | D:3      | Reached XP level 5. HP: 28/33 MP: 2/7
  2360 | D:3      | Noticed an ogre
  2363 | D:3      | Killed an ogre
  2363 | D:3      | Reached XP level 6. HP: 38/38 MP: 6/8
  2613 | D:3      | Reached skill level 5 in Shields
  2859 | D:3      | Learned a level 4 spell: Cause Fear
  3591 | D:4      | Reached skill level 1 in Long Blades
  3591 | D:4      | Reached XP level 7. HP: 43/43 MP: 7/9
  3711 | D:4      | Found a white marble altar of Elyvilon.
  3711 | D:4      | Noticed an ogre
  3719 | D:4      | Killed an ogre
  4170 | D:4      | Found Saisk's Distillery.
  4290 | D:4      | Found a radiant altar of Vehumet.
  4296 | D:4      | Bought a potion of might for 35 gold pieces
  4328 | D:4      | Noticed Blork the orc
  4334 | D:4      | Reached XP level 8. HP: 33/48 MP: 10/10
  4345 | D:4      | Killed Blork the orc
  4760 | D:4      | Reached skill level 5 in Long Blades
  5739 | D:4      | Noticed a black bear
  5744 | D:4      | Killed a black bear
  5744 | D:4      | Reached skill level 6 in Long Blades
  5833 | D:5      | Entered Level 5 of the Dungeon
  6221 | D:5      | Found a blossoming altar of Fedhas.
  6303 | D:5      | Reached skill level 7 in Long Blades
  6457 | D:5      | Noticed Crazy Yiuf
  6492 | D:5      | Killed Crazy Yiuf
  6492 | D:5      | Reached XP level 9. HP: 45/53 MP: 9/12
  6793 | D:5      | Reached skill level 1 in Evocations
  7599 | D:6      | Reached skill level 8 in Long Blades
  7764 | D:6      | Noticed Eustachio
  7773 | D:6      | Killed Eustachio
  8177 | D:6      | Reached skill level 9 in Long Blades
  9402 | D:6      | Noticed Menkaure
  9411 | D:6      | Killed Menkaure
  9411 | D:6      | Reached skill level 10 in Long Blades
  9411 | D:6      | Reached XP level 10. HP: 30/58 MP: 15/17
  9576 | D:6      | Found a deep blue altar of Sif Muna.
 10008 | D:7      | Found a staircase to the Ecumenical Temple.
 10052 | D:7      | Noticed Pikel
 10091 | D:7      | Killed Pikel
 10091 | D:7      | Reached skill level 11 in Long Blades
 10506 | Temple   | Entered the Ecumenical Temple
 10625 | Temple   | Became a worshipper of Zin the Law-Giver
 10632 | Temple   | Donated 44 gold pieces to Zin
 10809 | D:7      | Acquired Zin's first power
 10848 | D:7      | Noticed Duvessa
 10849 | D:7      | Noticed Dowan
 10870 | D:7      | Killed Duvessa
 10886 | D:7      | Killed Dowan
 11052 | D:7      | Found a burning altar of Makhleb.
 11330 | D:7      | Found a shattered altar of Ashenzari.
 11335 | D:7      | Saw a vision of the Swamp and the Snake Pit.
 11335 | D:7      | Noticed an alligator
 11335 | D:7      | Noticed a naga warrior
 11335 | D:7      | Noticed a mana viper
 11336 | D:7      | Noticed an anaconda
 11769 | D:8      | Reached skill level 12 in Long Blades
 12160 | D:8      | Reached skill level 1 in Invocations
 12433 | D:8      | Reached skill level 5 in Evocations
 13005 | D:9      | Reached XP level 11. HP: 38/63 MP: 15/20
 13518 | D:8      | Reached skill level 1 in Armour
 14300 | D:9      | You fall through a shaft!
 14300 | D:10     | Entered Level 10 of the Dungeon
 14306 | D:10     | Noticed a hill giant
 14622 | D:9      | Found a basalt altar of Yredelemnul.
 15559 | D:10     | Noticed Pr0man's ghost (experienced CeHu)
 15706 | D:11     | Learned a level 4 spell: Enslavement
 16204 | D:10     | Killed a hill giant
 16902 | D:9      | Reached skill level 13 in Long Blades
 17484 | D:10     | Found a staircase to the Lair.
 17537 | D:10     | Mangled by a troll

Action                   |  1- 3 |  4- 6 |  7- 9 | 10-12 || total
-------------------------+-------+-------+-------+-------++-------
Melee: Dagger            |    72 |     2 |       |       ||    74
       Unarmed           |     1 |       |       |       ||     1
       Long sword        |       |    95 |   320 |   643 ||  1058
 Fire: Blowgun           |       |       |       |    20 ||    20
Throw: Large rock        |    23 |    18 |    51 |    18 ||   110
       Dart              |       |       |    10 |    15 ||    25
       Tomahawk          |       |       |    10 |    13 ||    23
       Throwing net      |       |       |     1 |     2 ||     3
       Javelin           |       |       |       |     2 ||     2
 Cast: Corona            |    22 |    43 |    57 |    61 ||   183
       Slow              |     2 |     1 |     5 |    22 ||    30
       Cause Fear        |       |       |       |     2 ||     2
Invok: Recite            |       |       |       |     4 ||     4
 Abil: Dig               |       |       |     2 |     1 ||     3
       Evoke Invisibilit |       |       |       |     2 ||     2
       Shaft Self        |       |       |       |     1 ||     1
Evoke: Wand              |       |       |    16 |     8 ||    24
  Use: Scroll            |     2 |     6 |     8 |     6 ||    22
       Potion            |       |       |     1 |    12 ||    13
 Stab: Sleeping          |     1 |       |       |       ||     1
       Invisible         |       |       |       |     3 ||     3
